AoeStats
← CptNonceFinder

MegaRandom

510585386Analyzed
4v4 RM · 22h ago on Oct 1, 2026· 36m 39s· 8 players
Game mode
Random Map
Map size
Large (8 player)
Population
200
Speed
Normal
Resources
Standard
Victory
Conquest
Starting age
Dark Age
Ending age
Imperial Age
RankedLock teamsTeams togetherTeam positionsShared explorationLock speedFull tech treeHidden civsTurbo modeCheats
Victory
Defeat
🇩🇪 Vikings · Germany
939
+11
🇺🇸 Burgundians · United States
938
+11
🇦🇷 Khmer · Argentina
924
+12
🇨🇴 Spanish · Colombia
898
+13
🇬🇧 Japanese · United Kingdom
889
-40
🇬🇧 Celts · United Kingdom
803
-25
🇬🇧 Burgundians · United Kingdom
803
-20
🇬🇧 Magyars · United Kingdom
803
-20
STAILOK777
11:43 Feudal Age
12:23 Loom
18:11 Bloodlines
18:17 Double-Bit Axe
21:23 Wheelbarrow
25:09 Castle Age
24:20 Scale Barding Armor
24:29 Forging
27:17 Horse Collar
28:07 Gold Mining
29:50 Heavy Plow
30:13 Town Watch
35:38 Fletching
36:25 Bodkin Arrow
36:54 Bow Saw
lady_schmady
7:57 Loom
13:16 Feudal Age
23:25 Castle Age
24:08 Cavalier
35:04 Wheelbarrow
37:40 Imperial Age
34:35 Pikeman
35:17 Squires
Luce
13:04 Feudal Age
13:41 Horse Collar
17:31 Castle Age
17:23 Double-Bit Axe
20:36 Bow Saw
22:45 Heavy Plow
25:32 Scale Barding Armor
26:22 Forging
27:40 Chain Barding Armor
31:52 Imperial Age
30:41 Wheelbarrow
31:09 Iron Casting
31:42 Hand Cart
31:13 Loom
32:09 Husbandry
32:19 Bloodlines
31:29 Light Cavalry
32:46 Gold Mining
33:30 Crop Rotation
32:53 Stone Mining
32:40 Cavalier
35:32 Plate Barding Armor
35:44 Gold Shaft Mining
35:44 Stone Shaft Mining
36:13 Blast Furnace
Guppy
12:26 Feudal Age
12:52 Double-Bit Axe
12:48 Horse Collar
16:57 Gold Mining
19:10 Castle Age
17:02 Gold Mining
17:02 Stone Mining
20:06 Bow Saw
19:58 Heavy Plow
24:07 Fervor
24:50 Loom
28:09 Imperial Age
26:17 Gold Shaft Mining
25:47 Scale Mail Armor
25:57 Forging
27:29 Treadmill Crane
27:59 Fortified Wall
28:13 Arson
28:29 Squires
28:47 Chain Mail Armor
29:08 Iron Casting
29:02 Elite Varangian Guard
30:04 Conscription
30:19 Plate Mail Armor
30:50 Crop Rotation
31:23 Two-Man Saw
31:00 Chieftains
32:25 Masonry
35:22 Blast Furnace
John Hurtin
6:29 Loom
10:29 Feudal Age
11:47 Wheelbarrow
11:19 Horse Collar
15:25 Bloodlines
16:19 Double-Bit Axe
19:15 Scale Barding Armor
26:33 Castle Age
25:44 Arson
26:25 Scale Mail Armor
27:22 Husbandry
26:42 Light Cavalry
27:40 Hand Cart
26:47 Pikeman
27:50 Chain Mail Armor
27:55 Chain Barding Armor
38:49 Imperial Age
Crumb-Bum
10:28 Feudal Age
11:27 Double-Bit Axe
12:09 Man-at-Arms
18:04 Forging
18:31 Loom
22:26 Arson
26:30 Castle Age
27:34 Scale Mail Armor
32:10 Iron Casting
CptNonceFinder
7:33 Loom
11:10 Feudal Age
13:25 Double-Bit Axe
14:27 Horse Collar
15:13 Forging
20:10 Gold Mining
19:47 Man-at-Arms
20:13 Arson
26:18 Castle Age
24:56 Wheelbarrow
26:04 Fletching
26:15 Padded Archer Armor
26:16 Scale Mail Armor
28:08 Pikeman
30:42 Iron Casting
30:24 Chain Mail Armor
31:29 Gambesons
31:43 Bodkin Arrow
32:53 Stronghold
33:24 Long Swordsman
35:07 Gold Shaft Mining
perpetualsigh
3:44 Double-Bit Axe
10:06 Loom
13:08 Feudal Age
13:03 Horse Collar
14:07 Bow Saw
16:04 Wheelbarrow
16:29 Heavy Plow
21:20 Castle Age
20:14 Scale Barding Armor
20:20 Forging
22:41 Husbandry
22:01 Cavalier
24:08 Two-Man Saw
30:53 Iron Casting
30:47 Chain Barding Armor
34:47 Town Watch
35:17 Hand Cart
34:58 Fletching
Connection lost

Rejoining the realm…

Still unreachable

The connection could not be restored.

Session expired

The server has moved on; the page needs a fresh start.